 Dungeon Crawl Stone Soup version 0.28.0-53-g5a82cb258f (webtiles) character file.

Game seed: 5562014020557157383

82 Logoto the Firebug (level 4, -9/34 HPs)
             Began as a Hill Orc Fire Elementalist on Aug 3, 2022.
             Killed from afar by an orc wizard (13 damage)
             ... with a puff of flame
             ... on level 3 of the Dungeon.
             The game lasted 00:08:19 (2944 turns).

Logoto the Firebug (Hill Orc Fire Elementalist)     Turns: 2944, Time: 00:08:19

Health: -9/34      AC:  3    Str: 12    XL:     4   Next: 43%
Magic:  3/7        EV: 11    Int: 15    God:
Gold:   99         SH:  0    Dex: 11    Spells: 4/7 levels left

rFire   . . .      SeeInvis .   d - +0 short sword
rCold   + . .      Faith    +   (no shield)
rNeg    . . .      Spirit   .   e - +0 leather armour
rPois   +          Reflect  .   (no helmet)
rElec   .          Harm     .   (no cloak)
rCorr   +          Rampage  .   (no gloves)
Will    .....                   (no boots)
Stlth   +.........              k - amulet "Saror" {Faith rPois rC+}
HPRegen 0.11/turn               c - ring of resist corrosion
MPRegen 0.10/turn               (no ring)

@: confused
A: no striking features
a: no special abilities


You were on level 3 of the Dungeon.
You visited 1 branch of the dungeon, and saw 3 of its levels.

You collected 99 gold pieces.

Inventory:

Hand Weapons
 d - a +0 short sword (weapon)
Armour
 a - a +0 robe
 e - a +0 leather armour (worn)
Jewellery
 c - a ring of resist corrosion (left hand)
 k - the amulet "Saror" (around neck) {Faith rPois rC+}
   (You found it on level 2 of the Dungeon)

   [amulet of faith]

   It allows you to gain divine favour quickly.
   rC:        It protects you from cold.
   rPois:     It protects you from poison.
 o - the ring of Heschyur {Ice Will++ Dex+3 Stlth-}
   (You took it off a goblin on level 2 of the Dungeon)

   [ring of ice]

   It enhances your ice magic.
   Dex:       It affects your dexterity (+3).
   rF:        It makes you vulnerable to fire.
   rC:        It protects you from cold.
   Will:      It greatly increases your willpower.
   Stlth:     It makes you less stealthy.
Scrolls
 g - 3 scrolls of identify
 h - a scroll of immolation
 l - a scroll of magic mapping {unknown}
 q - 3 scrolls of holy word {unknown}
 r - a scroll of blinking {unknown}
Potions
 b - a potion of mutation {unknown}
 f - a potion of lignification {unknown}
 i - a potion of brilliance {unknown}
 j - a potion of invisibility {unknown}
 m - a potion of haste {unknown}
 n - a potion of berserk rage {unknown}
 p - a potion of ambrosia {unknown}


   Skills:
 + Level 0.3 Fighting
 + Level 0.5 Short Blades
 + Level 1.7 Armour
 + Level 2.0 Dodging
 + Level 2.0 Stealth
 + Level 2.0 Spellcasting
 + Level 1.1 Conjurations
 + Level 4.0 Fire Magic


You had 4 spell levels left.
You knew the following spells:

 Your Spells              Type           Power      Damage    Failure   Level
a - Foxfire               Conj/Fire      36%        2x1d5     10%         1
b - Scorch                Fire           26%        2d6       9%          2

Your spell library contained the following spells:

 Spells                   Type           Power      Damage    Failure   Level
 Conjure Flame            Conj/Fire      9%         6-21      28%         3
 Inner Flame              Hex/Fire       7%         N/A       36%         3
 Ensorcelled Hibernation  Hex/Ice        2%         N/A       38%         2
 Passwall                 Tmut/Erth      0%         N/A       38%         2
 Swiftness                Air            1%         N/A       63%         3
 Flame Wave               Conj/Fire      9%         2d5       67%         4
 Cause Fear               Hex            0%         N/A       95%         4
 Freezing Cloud           Conj/Ice/Air   1%         6-21      100%        5
 Simulacrum               Ice/Necr       0%         N/A       100%        6
 Discord                  Hex            0%         N/A       100%        8
 Polar Vortex             Ice            0%         N/A       100%        9


Dungeon Overview and Level Annotations

Branches:
Dungeon (3/15)

Altars:


Message History

The magic dart hits you!
Casting: Foxfire (safe; 10% risk of failure)
Confirm with . or Enter, or press ? or * to list all spells.
You miscast Foxfire.
You are very lightly contaminated with residual magic.
Nothing appears to happen.
The orc hits you but does no damage.
Found 2 gold pieces.
The orc closely misses you.
Casting: Foxfire (safe; 10% risk of failure)
Confirm with . or Enter, or press ? or * to list all spells.
You conjure some foxfire!
The orc wizard hits you with a +0 dagger.
The foxfire hits the orc wizard.
The orc wizard is severely wounded.
The foxfire hits something but does no damage.
The orc wizard points at you and mumbles some strange words.
You are confused.
Something hits you but does no damage.
The orc wizard hits you with a +0 dagger.
The kobold throws a stone.
The stone closely misses you.
The kobold throws a stone.
The stone hits you.
Your magical contamination has completely faded away.
The orc wizard points at you and mumbles some strange words.
You are more confused.
You bump into the rock wall.
The orc wizard casts a spell at you.
You are more confused.
The kobold hits you with a +0 dagger.
* * * LOW HITPOINT WARNING * * *
The orc wizard gestures at you while chanting.
You are more confused.
The kobold closely misses you.
The orc wizard gestures at you while chanting.
The puff of flame hits you.
* * * LOW HITPOINT WARNING * * *
The kobold throws a stone.
The stone misses you.
You are too confused!
You bump into the rock wall.
The orc wizard points at you and mumbles some strange words.
The puff of flame hits you!
You die...

.......#............# #........
.......#..).........###........
.......#............##.........
.......#.##....................
................<†#.#..........
...............................
....##...###...#...............
...###...###......#....<÷......
................@........#..###
..........#...oKo#.#.#..# ...
######....#.###..#.#.#..# .
#....#.# #..#.#.#..#
####....#.###..#.#.....
........................
...............#.#.......
#...........#.........
..............##.....


You could see an orc wizard, an orc and a kobold.

Vanquished Creatures
  3 adders (D:2)
  A worm (D:2)
  A dart slug (D:2)
  An orc (D:3)
  5 ball pythons
  A bat (D:2)
  4 endoplasms
  2 giant cockroaches
  10 goblins
  4 hobgoblins
  A jackal (D:2)
  2 quokkas
  2 frilled lizards (D:2)
  6 kobolds
  3 rats (D:2)
46 creatures vanquished.

Vanquished Creatures (others)
  57 foxfires
57 creatures vanquished.

Grand Total: 103 creatures vanquished

Notes
Turn   | Place    | Note
-------+----------+-------------------------------------------
     0 | D:1      | Logoto the Hill Orc Fire Elementalist began the quest for
                  | the Orb.
     0 | D:1      | Reached XP level 1. HP: 14/14 MP: 3/3
   114 | D:1      | Found a faded altar of an unknown god.
   431 | D:1      | Reached XP level 2. HP: 20/20 MP: 2/4
   794 | D:1      | Learned a level 2 spell: Scorch
  1527 | D:2      | Reached skill level 1 in Armour
  1567 | D:2      | Reached XP level 3. HP: 26/26 MP: 2/5
  1571 | D:2      | Identified the amulet "Saror" {Faith rPois rC+}
  1993 | D:2      | Identified the ring of Heschyur {Ice Will++ Dex+3 Stlth-}
  2102 | D:2      | Reached XP level 4. HP: 13/33 MP: 2/6
  2377 | D:2      | Reached skill level 4 in Fire Magic
  2944 | D:3      | Killed from afar by an orc wizard

Illustrated notes

Levels and vault maps discovered:
D:1:      sevenhm_arrival_forest_fort_large_2, layout_loops_ring,
          shapermc_ecumenical_altar_venn
D:2:      layout_basic, grunt_ministairs_3, minmay_randomly_rotated_circles
D:3:      layout_basic, serial_shops, nicolae_shop_hallway_plus,
          uniq_crazy_yiuf_cottage

Skill      XL: |  1  2  3  4 |
---------------+-------------+-----
Armour         | 1 |  1.7
Dodging        | 2 |  2.0
Stealth        | 2 |  2.0
Fire Magic     | 4 |  4.0
Spellcasting   | 2 |  2.0
Fighting       | |  0.3
Short Blades   | |  0.5
Conjurations   | |  1.1

Action                   |  1- 3 |  4- 6 || total
-------------------------+-------+-------++-------
Melee: Short sword       |    59 |     8 ||    67
       Punch             |     1 |       ||     1
 Cast: Foxfire           |    23 |    12 ||    35
       Scorch            |     8 |     6 ||    14
  Use: Scroll            |     2 |       ||     2
 Stab: Sleeping          |     2 |       ||     2
Armor: Leather armour    |    19 |     7 ||    26
Dodge: Dodged            |    53 |    12 ||    65
